 Dungeon Crawl Stone Soup version 0.31.0-11-ge490571c62 (webtiles) character file.

Game seed: 5575405357823902170

819 Arctor the Magician (level 7, -9/36 HPs)
             Began as a Deep Elf Fire Elementalist on Feb 2, 2024.
             Mangled by an ice beast (10 damage)
             ... on level 5 of the Dungeon.
             The game lasted 00:07:08 (5406 turns).

Arctor the Magician (Deep Elf Fire Elementalist)    Turns: 5406, Time: 00:07:08

Health: -9/36      AC:  2    Str:  5    XL:     7   Next: 63%
Magic:  0/17       EV: 19    Int: 22    God:
Gold:   173        SH:  0    Dex: 15    Spells: 14/17 levels left

rFire   . . .        g - +3 dagger
rCold   . . .        q - orb {*channel}
rNeg    . . .        a - +0 robe
rPois   .            (no helmet)
rElec   .            (no cloak)
rCorr   .            (no gloves)
SInv    .            (no boots)
Will    .....        (no amulet)
Stlth   +++          e - ring of flight
HPRegen 0.26/turn    n - +5 ring of evasion
MPRegen 0.15/turn

%: channel magic (20%)
@: lethally poisoned (-9 -> -10), flying
A: no striking features
a: no special abilities


You were on level 5 of the Dungeon.
You visited 1 branch of the dungeon, and saw 5 of its levels.

You collected 173 gold pieces.

Inventory:

Hand Weapons
 d - the +4 mace of Darkness {flame, rPois}
   (You found it on level 3 of the Dungeon)

   rPois:     It protects you from poison
 g - a +3 dagger (weapon)
Armour
 a - a +0 robe (worn)
 q - an orb of energy (worn)
Jewellery
 e - a ring of flight (left hand)
 n - a +5 ring of evasion (right hand)
Scrolls
 f - a scroll of enchant weapon
 h - 2 scrolls of revelation
 j - 3 scrolls of teleportation
 l - a scroll of enchant armour
 p - a scroll of fear
 r - a scroll of identify
Potions
 b - a potion of magic
 c - 2 potions of enlightenment {unknown}
 i - a potion of haste {unknown}
 k - a potion of heal wounds {unknown}
 m - a potion of curing {unknown}
 o - 2 potions of attraction {unknown}


   Skills:
 + Level 5.1 Dodging
 + Level 5.5 Stealth
 + Level 5.8 Spellcasting
 + Level 4.1 Conjurations
 + Level 5.3 Fire Magic


You had 14 spell levels left.
You knew the following spells:

 Your Spells              Type           Power      Damage    Failure   Level
a - Foxfire               Conj/Fire      100%       2x1d9     6%          1
b - Scorch                Fire           58%        2d7       7%          2

Your spell library contained the following spells:

 Spells                   Type           Power      Damage    Failure   Level
 Inner Flame              Hex/Fire       18%        N/A       24%         3
 Volatile Blastmotes      Fire/Tloc      36%        2d13      24%         3
 Flame Wave               Conj/Fire      27%        2d9       30%         4


Dungeon Overview and Level Annotations

Branches:
Dungeon (5/15)
 Temple: D:4-7

Altars:
Elyvilon


Message History

Unknown command.
Casting: Scorch (safe; 7% risk of failure)
Confirm with . or Enter, or press ? or * to list all spells.
Flames lash the ice beast.
The ice beast melts!
The ice beast is severely wounded.
Magical energy flows into your mind! The scorpion stings you.
You are poisoned.
The scorpion poisons you!
Casting: Scorch (safe; 7% risk of failure)
Confirm with . or Enter, or press ? or * to list all spells.
Flames lash the scorpion.
You kill the scorpion!
You feel sick.
Unknown command.
You hit the ice beast.
The ice beast is almost dead.
You feel sick. The ice beast barely misses you.
Your magical contamination has completely faded away.
You hit the ice beast.
The ice beast is almost dead.
You feel sick. The ice beast closely misses you.
You barely miss the ice beast.
The ice beast is almost dead.
You feel sick. The ice beast closely misses you.
Casting: Scorch (safe; 7% risk of failure)
Confirm with . or Enter, or press ? or * to list all spells.
You don't have enough magic to cast this spell.
Casting: Scorch (safe; 7% risk of failure)
Confirm with . or Enter, or press ? or * to list all spells.
Okay, then.
You feel sick. The ice beast hits you.
* * * LOW HITPOINT WARNING * * *
The ice beast freezes you.
* * * LOW HITPOINT WARNING * * *
Casting: Scorch (safe; 7% risk of failure)
Confirm with . or Enter, or press ? or * to list all spells.
You conjure some foxfire!
You feel sick. The ice beast hits you.
* * * LOW HITPOINT WARNING * * *
The ice beast freezes you!
You die...

#.........
..........
##.....!...
.......... ##
#..........
#..##.........
...
#...v........
....
#v@............
#Y###..###.....
#†####.###.....
#.#............
#...Y..........
#.####...#....
#.# ###.# . #.#
#<# #..
#....Y...


You could see an ice beast (combustible, ally target).

Vanquished Creatures
  4 phantoms
  A scorpion (D:5)
  A water moccasin zombie (D:4)
  A bombardier beetle (D:3)
  A bullfrog zombie (D:4)
  2 orc priests (D:3)
  An iguana (D:3)
  2 orc wizards
  A scorpion zombie (D:4)
  A hound skeleton (D:4)
  A howler monkey skeleton (D:4)
  7 adders
  4 adder zombies (D:4)
  2 adder skeletons (D:4)
  2 dart slugs
  A ribbon worm (D:3)
  6 orcs
  An endoplasm (D:3)
  2 giant cockroaches
  8 goblins
  5 hobgoblins
  6 jackals
  4 quokkas
  8 ball pythons
  A bat (D:3)
  4 frilled lizards (D:2)
  3 kobolds
  16 rats
  A spectral hobgoblin (D:2)
97 creatures vanquished.

Vanquished Creatures (collateral kills)
  7 foxfires
7 creatures vanquished.

Vanquished Creatures (others)
  451 foxfires
451 creatures vanquished.

Grand Total: 555 creatures vanquished

Notes
Turn   | Place    | Note
-------+----------+-------------------------------------------
     0 | D:1      | Arctor the Deep Elf Fire Elementalist began the quest for
                  | the Orb.
     0 | D:1      | Reached XP level 1. HP: 10/10 MP: 6/6
   188 | D:1      | Reached XP level 2. HP: 15/15 MP: 0/8
   984 | D:2      | Reached XP level 3. HP: 19/19 MP: 3/10
  1194 | D:2      | Found a faded altar of an unknown god.
  1289 | D:2      | Found a white marble altar of Elyvilon.
  2822 | D:3      | Reached XP level 4. HP: 24/24 MP: 7/11
  2825 | D:3      | Learned a level 2 spell: Scorch
  2862 | D:3      | Identified the +4 mace of Darkness {flame, rPois}
  3923 | D:4      | Noticed a phantom
  3923 | D:4      | Noticed a phantom
  3930 | D:3      | Killed a phantom
  3931 | D:3      | Reached XP level 5. HP: 27/28 MP: 5/13
  4001 | D:3      | Killed a phantom
  4042 | D:4      | Noticed a phantom
  4050 | D:3      | Reached XP level 6. HP: 8/32 MP: 9/14
  4738 | D:3      | Reached skill level 5 in Spellcasting
  5032 | D:4      | Reached skill level 5 in Fire Magic
  5032 | D:4      | Reached XP level 7. HP: 36/36 MP: 11/17
  5037 | D:4      | Reached skill level 5 in Stealth
  5333 | D:4      | Reached skill level 5 in Dodging
  5376 | D:5      | Entered Level 5 of the Dungeon
  5406 | D:5      | HP: 1/36 [ice beast (2)]
  5406 | D:5      | Mangled by an ice beast

Illustrated notes

Levels and vault maps discovered:
D:1:      minmay_arrival_semitransparent, layout_basic,
          minmay_shallow_snake_nest
D:2:      minmay_evil_eye, layout_loops_ring,
          dreamdust_ecumenical_altar_drowned_temple, basic_altar,
          chequers_serial_rivers_small_3, kennysheep_pointless_box
D:3:      layout_loops_corners, kennysheep_doodads
D:4:      layout_basic, serial_undead, serial_undead_a, serial_undead_f,
          serial_undead_b, serial_undead_e, serial_undead_d, serial_undead_a,
          serial_undead_b, serial_undead_e, serial_undead_b, serial_undead_b,
          minmay_rat_hole
D:5:      layout_rooms, kennysheep_mini, cheibriados_altar_1,
          nemelex_xobeh_ov_fountains_minmay, minmay_small_thing,
          uniq_blork_the_orc

Skill      XL: |  1  2  3  4  5  6  7 |
---------------+----------------------+-----
Stealth        | 3 4 5 |  5.5
Dodging        | 3 4 5 |  5.1
Conjurations   | 2 3 4 |  4.1
Spellcasting   | 4 5 |  5.8
Fire Magic     | 4 5 |  5.3

Action                     |  1- 3 |  4- 6 |  7- 9 || total
---------------------------+-------+-------+-------++-------
  Melee: Unarmed           |    17 |       |       ||    17
         Dagger            |    11 |    20 |    13 ||    44
   Cast: Foxfire           |   162 |    77 |    45 ||   284
         Scorch            |       |    33 |     6 ||    39
    Use: Scroll            |       |     5 |       ||     5
 Armour: Robe              |    17 |    52 |    17 ||    86
  Dodge: Dodged            |    25 |   121 |    23 ||   169
